cohdb
Replays
Latest Replays
All Replays
Popular Replays
Top Player Replays
Match Explorer
How It Works
Community
CoH3 Stats
Reddit
Sign in to upload your games and track your stats! →
Sign in with Steam
Match 41019104
Unlisted
Match 41019104
Overview
Messages
Build Orders
End
Selects Panzerjäger Kommand Battlegroup
Selects Mine Fields
Kradschützen Motorcycle Team
Panzergrenadier Squad
Panzergrenadier Squad
Panzergrenadier Squad
Construct Light Support Kompanie
Selects Tank Busters
2.5-tonne Medical Truck
Fire Support Elements
Panzerjäger Mechanized Group
Flakvierling Half-track
Selects Defensive Positions
Veteran Squad Leaders
Construct Panzerarmee Kommand
Selects Butterfly Bomb Drop
Butterfly Bomb Drop
Panzerjäger Mechanized Group
Panzer III L Medium Tank
Panzer III L Medium Tank
Selects Crew Shock Tactics
Tungsten Core Ammunition
Panzer III L Medium Tank
Selects Anti-tank Overwatch
Anti-tank Overwatch
Butterfly Bomb Drop
Panzer III L Medium Tank
Panzer III L Medium Tank
Anti-tank Overwatch
George H. W. Bush
ARF Le Gendarme
Konrad Curze
Lelouch
Arnie
Maniax
Haris
YangXYZ
0
0
Comments
sign in to comment!
No comments posted yet!